Map: Costas tropicales

Players

MrFercho - Winner!

  • Race: Terran Terran
  • Spawn Location: 0:00

tigro

  • Race: Terran Terran
  • Spawn Location: 5:00

VOD

Have the link to the VOD?

Description

Time

  • Played on: March 19, 2020, 9:44 p.m.
  • Length: 25:12
Show
View Real Time Build Order
Export as new Build Order

MrFercho Terran - Winner!

Build Orders: Mech 

Get SALT Encoding   

  12  0:11  SCV  
  13  0:23  SCV  
  14  0:35  SCV  
  15  0:46  Supply Depot  
  15  0:52  Refinery  
  15  0:57  Refinery  
  15  1:08  SCV  
  16  1:33  SCV  
  17  1:45  SCV  
  18  1:57  SCV  
  19  2:09  SCV  
  20  2:21  Barracks  
  20  2:22  SCV  
  21  2:24  Barracks  
  21  2:26  Barracks  
  21  2:28  Barracks  
  21  2:34  SCV  
  22  2:39  Supply Depot  
  22  2:46  SCV  
  23  3:01  SCV  
  24  3:10  Barracks  
  24  3:13  SCV  
  25  3:20  Reaper  
  25  3:21  Reaper x2  
  25  3:22  Reaper  
  29  3:49  Command Center  
  29  4:01  Barracks Tech Lab x4  
  29  4:02  Barracks Tech Lab  
  29  4:35  Factory  
  29  4:36  Factory  
  29  4:37  Factory  
  29  4:42  Factory  
  25  5:32  Engineering Bay  
  25  5:36  Engineering Bay  
  25  5:37  SCV  
  25  5:38  Engineering Bay  
  26  5:45  Orbital Command  
  27  5:50  SCV  
  27  5:51  Factory Tech Lab x4  
  27  5:57  Marauder  
  27  5:58  Marauder, Marine x3  
  27  6:02  SCV  
  35  6:12  SCV  
  35  6:14  SCV  
  37  6:24  SCV  
  38  6:26  SCV  
  39  6:36  SCV  
  40  6:48  SCV  
  41  6:56  Starport  
  41  6:58  Starport  
  41  7:00  SCV  
  42  7:18  Siege Tank  
  45  7:30  Siege Tank  
  45  7:33  Starport  
  48  7:38  Starport  
  48  7:44  Supply Depot  
  48  7:49  Supply Depot  
  48  7:53  Supply Depot  
  48  7:59  Supply Depot  
  48  8:01  Supply Depot  
  48  8:09  Refinery, Orbital Command  
  48  8:12  Refinery  
  48  8:15  Supply Depot  
  48  8:18  Starport Tech Lab x3  
  48  8:19  Starport Tech Lab  
  48  8:21  Supply Depot  
  48  8:22  Command Center  
  48  8:41  Sensor Tower  
  48  8:57  Sensor Tower  
  48  9:13  Sensor Tower  
  48  9:29  Sensor Tower  
  48  9:32  Terran Infantry Weapons Level 1  
  48  9:33  Terran Infantry Armor Level 1  
  48  9:44  SCV  
  49  9:50  Orbital Command, Sensor Tower  
  49  9:54  SCV  
  49  9:56  SCV  
  51  10:06  SCV, Sensor Tower  
  52  10:08  SCV  
  53  10:18  SCV, Liberator x2  
  53  10:20  SCV  
  61  10:22  Sensor Tower  
  61  10:30  SCV  
  61  10:32  SCV  
  63  11:05  Missile Turret  
  63  11:26  Armory, Missile Turret  
  63  11:27  SCV x3  
  63  11:28  Armory, Missile Turret  
  63  11:31  Armory  
  66  11:39  SCV x3  
  69  11:50  Missile Turret  
  69  11:51  SCV x2, Missile Turret  
  69  11:52  SCV  
  72  12:03  SCV  
  72  12:04  SCV x2  
  72  12:15  SCV, Missile Turret x2  
  72  12:16  SCV x2  
  72  12:17  Command Center  
  72  12:19  Refinery  
  72  12:22  Refinery  
  75  12:23  Terran Ship Weapons Level 1, Terran Vehicle Weapons Level 1, Terran Vehicle And Ship Armor Level 1  
  75  12:27  Terran Infantry Armor Level 2, Terran Infantry Weapons Level 2  
  75  12:28  Neosteel Armor  
  75  12:32  Combat Shield  
  75  12:33  Stimpack  
  75  12:34  Concussive Shells  
  75  12:37  Infernal Pre-Igniter  
  75  12:38  Mag-Field Accelerator  
  75  12:45  Refinery  
  75  12:55  Refinery  
  75  12:57  Marauder x4  
  75  12:58  Marauder  
  85  13:18  Marauder x2  
  85  13:19  Marauder x2  
  93  13:40  Cloaking Field  
  93  13:42  Hyperflight Rotors, Corvid Reactor  
  93  13:47  Banshee x2  
  99  14:08  Hi-Sec Auto Tracking  
  99  14:26  Reaper x2  
  99  14:27  Reaper x3  
  104  14:49  Fusion Core  
  104  14:50  Orbital Command  
  104  15:10  Terran Infantry Weapons Level 3, Terran Infantry Armor Level 3  
  104  15:16  Drilling Claws, Smart Servos  
  104  15:40  SCV x3  
  104  15:41  SCV  
  108  15:52  SCV x2  
  108  15:53  SCV x2  
  107  16:04  SCV  
  83  16:45  Marauder x4  
  83  16:46  Marauder  
  93  17:06  Marauder x2  
  93  17:07  Marauder x3  
  103  17:28  Marauder  
  105  17:34  Command Center  
  105  17:35  Refinery  
  105  17:36  Refinery  
  105  17:37  Refinery  
  105  17:39  Command Center, Refinery  
  105  17:52  Terran Ship Weapons Level 2  
  105  17:53  Terran Vehicle Weapons Level 2, Terran Vehicle And Ship Armor Level 2  
  105  18:04  Marine x4  
  105  18:05  Marine  
  110  18:20  Supply Depot x2  
  110  18:22  Marine x5  
  110  18:23  Supply Depot  
  115  18:30  Supply Depot  
  115  18:36  Thor x4  
  115  18:40  Marine  
  140  18:41  Marine x4  
  140  18:44  Supply Depot  
  140  18:46  Supply Depot  
  140  18:48  Supply Depot  
  144  18:57  Marine  
  144  18:59  Marine x4  
  149  19:06  Battlecruiser x4  
  173  19:15  Marine  
  174  19:17  Marine x4  
  174  19:19  Siege Tank x4  
  184  20:10  Viking x3, Battlecruiser  
  190  21:00  Ghost Academy x2  
  190  21:01  Ghost Academy  
  190  21:02  Ghost Academy  
  190  21:04  Ghost Academy  
  190  21:05  Ghost Academy x2  
  190  21:06  Ghost Academy  
  190  21:07  Ghost Academy  
  190  21:12  Viking x2  
  190  21:13  Viking  
  190  21:14  Viking  
  198  21:30  Ghost Academy  
  198  21:33  Ghost Academy  
  198  21:35  Ghost Academy  
  198  21:38  Command Center  
  198  21:40  Refinery  
  198  21:41  Refinery  
  198  21:42  Viking  
Show
View Real Time Build Order
Export as new Build Order

tigro Terran 

Build Orders:  

Get SALT Encoding   

  12  0:06  SCV  
  13  0:26  Refinery  
  13  0:40  Supply Depot  
  13  0:43  SCV  
  14  0:55  SCV, Refinery  
  15  1:07  SCV  
  16  1:12  Supply Depot  
  16  1:19  SCV  
  17  1:31  SCV  
  18  1:43  SCV  
  19  1:55  SCV  
  19  1:58  Barracks  
  20  2:07  SCV  
  21  2:18  Supply Depot  
  21  2:45  Supply Depot  
  21  2:50  Barracks Tech Lab  
  21  2:52  Engineering Bay  
  21  2:58  SCV  
  22  3:16  Marauder, Barracks  
  24  3:20  Combat Shield  
  24  3:37  Marauder  
  26  3:58  Marauder  
  28  4:20  Marauder  
  30  4:27  Command Center  
  30  4:39  Stimpack, Missile Turret, Barracks Tech Lab  
  30  4:41  Marauder  
  31  5:02  Marine  
  31  5:05  Planetary Fortress  
  31  5:20  Marine  
  32  5:37  Marine  
  32  5:41  Supply Depot  
  33  5:55  Marine  
  33  5:56  Missile Turret  
  34  5:57  SCV  
  35  6:09  SCV, Marine  
  37  6:13  Marine  
  38  6:18  Concussive Shells  
  38  6:22  SCV  
  39  6:27  Marine  
  39  6:28  Missile Turret  
  39  6:29  Terran Infantry Weapons Level 1  
  39  6:31  Marine  
  41  6:34  SCV  
  42  6:45  Marine  
  42  6:46  SCV  
  44  6:49  Marine  
  45  6:58  SCV  
  46  7:02  Marine  
  46  7:05  Refinery  
  47  7:10  SCV, Refinery  
  48  7:20  Marine  
  48  7:22  SCV  
  50  7:32  Factory  
  50  7:34  SCV  
  51  7:46  SCV  
  52  7:58  SCV  
  53  8:10  SCV  
  54  8:18  Factory  
  54  8:23  SCV, Terran Infantry Armor Level 1  
  55  8:29  Factory Tech Lab  
  55  8:50  Infernal Pre-Igniter  
  55  8:53  Siege Tank  
  58  9:18  Armory  
  58  9:25  Siege Tank  
  61  9:40  Factory Tech Lab  
  61  9:45  Command Center  
  61  10:09  Mag-Field Accelerator  
  61  10:17  Hi-Sec Auto Tracking  
  61  10:27  Missile Turret  
  61  10:30  Terran Vehicle Weapons Level 1  
  61  10:37  Orbital Command  
  61  10:56  Siege Tank  
  64  11:07  Planetary Fortress  
  64  11:10  Supply Depot  
  64  11:14  Neosteel Armor  
  64  11:26  Thor  
  64  11:28  Siege Tank  
  73  11:38  Supply Depot  
  73  12:01  Siege Tank  
  76  12:08  Starport  
  76  12:09  Thor  
  76  12:10  Supply Depot  
  82  12:25  Terran Vehicle And Ship Armor Level 1  
  82  12:30  SCV  
  83  12:42  SCV  
  84  12:51  Thor  
  84  12:53  Starport Tech Lab  
  84  12:54  SCV  
  84  12:55  Refinery  
  91  13:06  SCV, Starport  
  91  13:12  Supply Depot  
  92  13:18  SCV  
  93  13:56  Starport Tech Lab  
  93  13:57  Missile Turret  
  93  14:01  Drilling Claws  
  93  14:06  Terran Infantry Weapons Level 2  
  93  14:15  Corvid Reactor  
  93  14:19  Terran Ship Weapons Level 1  
  93  14:30  Command Center  
  93  14:39  Missile Turret  
  93  15:00  Viking  
  95  15:19  Smart Servos  
  95  15:30  Viking  
  95  15:33  Refinery  
  97  15:39  Missile Turret  
  96  16:00  Viking  
  98  16:13  Terran Vehicle Weapons Level 2  
  95  16:22  Terran Infantry Armor Level 2  
  92  16:30  Viking  
  86  16:41  Medivac  
  88  17:00  Viking, Missile Turret  
  90  17:24  Missile Turret  
  90  17:31  Missile Turret  
  90  17:50  Missile Turret  
  90  17:56  Refinery  
  90  17:57  Missile Turret  
  90  18:28  Missile Turret  
  90  18:39  Planetary Fortress  
  90  18:41  Missile Turret  
  90  18:45  Medivac  
  92  19:07  Siege Tank  
  95  19:16  Starport Tech Lab  
  95  19:18  Cloaking Field  
  95  19:39  Siege Tank  
  98  20:11  Siege Tank  
  101  20:22  Missile Turret  
  101  20:31  Missile Turret  
  101  20:43  Siege Tank  
  101  20:46  Missile Turret  
  101  20:47  Marine  
  101  20:49  Supply Depot  
  95  21:02  Viking  
  89  21:05  Viking, Marine  
  76  21:15  Siege Tank  
  76  21:17  Missile Turret  
  72  21:23  Marine  
  72  21:25  Missile Turret  
  58  21:32  Viking  
  60  21:35  Viking  
  62  21:40  Marine  
  42  22:49  Engineering Bay  
  42  23:00  Marine  
  42  23:04  Marauder  
  45  23:18  Marine  
  46  23:25  Marauder  
  42  23:35  Marine  
  9  24:40  Engineering Bay  
  9  24:47  Supply Depot  
Tags
 
Composition
Mech
Matchup
TvT
Race
Terran
Replay Pack
MrFercho
Add a new tag
Caveats
  • Supply blocks, unpowered buildings, or Contaminate may cause inaccurate times.
  • Supply counts are checked every 10 seconds.